 Dungeon Crawl Stone Soup version 0.25-a0-589-g1e14c54 (webtiles) character file.

Game seed: 12664042713900688536, levelgen mode: deterministic

7268 robertstho the Grappler (level 10, 0/94 HPs)
             Began as a Troll Monk on Mar 11, 2020.
             Slain by an unseen horror (3 damage)
             ... on level 10 of the Dungeon.
             The game lasted 00:14:47 (7745 turns).

robertstho the Grappler (Troll Monk)                Turns: 7745, Time: 00:14:47

Health: 0/94       AC:  6    Str: 24    XL:     10   Next: 89%
Magic:  0/9        EV: 28    Int:  6    God:
Gold:   187        SH:  0    Dex: 12    Spells: 9/9 levels left

rFire    . . .     SeeInvis .     - Unarmed
rCold    . . .     Gourm    +   (no shield)
rNeg     . . .     Faith    .   l - +0 robe
rPois    +         Spirit   +   (helmet restricted)
rElec    .         Reflect  .   k - scarf {Spirit}
rCorr    .         Harm     .   (gloves unavailable)
MR       +....                  (boots unavailable)
Stlth    ++........             v - amulet of the acrobat
HPRegen  0.65/turn              j - ring of protection from magic
MPRegen  0.11/turn              c - ring of poison resistance

@: acrobat, very slightly contaminated, invisible
A: large, unfitting armour, claws 3, fast metabolism 3, gourmand, regeneration
1, shaggy fur 1, tough skin 3
a: no special abilities


You were on level 10 of the Dungeon.
You were very full.

You visited 1 branch of the dungeon, and saw 10 of its levels.
You also visited: Ossuary.

You collected 435 gold pieces.
You spent 248 gold pieces at shops.

Inventory:

Hand Weapons
 t - a +3 war axe of flaming
Armour
 k - a scarf of spirit shield (worn)
 l - a +0 robe (worn)
Jewellery
 c - a ring of poison resistance (right claw)
 j - a ring of protection from magic (left claw)
 v - an amulet of the acrobat (around neck)
Wands
 x - a wand of disintegration (13)
 D - a wand of acid (7)
 E - a wand of flame (13)
Scrolls
 a - 5 scrolls of teleportation
 e - 5 scrolls of enchant weapon
 h - 4 scrolls of remove curse
 m - 2 scrolls of immolation {unknown}
 n - 2 scrolls of blinking {unknown}
 r - 4 scrolls of magic mapping {unknown}
 y - 2 scrolls of fear {unknown}
 A - a scroll of amnesia {unknown}
Potions
 d - 4 potions of flight
 g - 2 potions of heal wounds {unknown}
 i - a potion of degeneration {unknown}
 o - 3 potions of stabbing {unknown}
 p - 2 potions of haste {unknown}
 q - a potion of cancellation
 s - a potion of magic
 u - a potion of mutation
 w - 3 potions of lignification
 B - a potion of ambrosia
 C - a potion of invisibility
Comestibles
 b - 20 rations


   Skills:
 + Level 4.7 Fighting
 + Level 6.7 Dodging
 + Level 3.3 Stealth
 + Level 13.2 Unarmed Combat


You had 9 spell levels left.
You didn't know any spells.
Your spell library contained the following spells:

 Spells                   Type           Power        Failure   Level  Hunger
 Animate Skeleton         Necr           N/A          45%         1    ##.....
 Apportation              Tloc           #.....       45%         1    ##.....
 Corona                   Hex            #......      45%         1    ##.....
 Summon Small Mammal      Summ           #...         45%         1    ##.....
 Cause Fear               Hex            #.........   99%         4    #####..
 Silence                  Hex/Air        #.........   100%        5    ######.
 Yara's Violent Unravell  Hex/Tmut       #.........   100%        5    ######.
 Deflect Missiles         Chrm/Air       #.........   100%        6    #######
 Discord                  Hex            #.........   100%        8    #######


Dungeon Overview and Level Annotations

Branches:
Dungeon (10/15)            Temple (0/1) D:5             Orc (0/2) D:9
Ossuary (visited)
   Lair: D:8-11

Altars:
Cheibriados
Fedhas
Gozag
Kikubaaqudgha
Makhleb
Nemelex Xobeh
Okawaru
Qazlal
Sif Muna
Vehumet
Xom
Zin

Shops:
D:4 :   D:7 ([:(*

Annotations:
D:7 610 robe, 2 transporters, davenfal's ghost, novice MiFi


Innate Abilities, Weirdness & Mutations

You are too large for most types of armour.
You have claws for hands.
Your metabolism is lightning-fast.
You like to eat raw meat.
Your natural rate of healing is unusually fast.
You are covered in fur. (AC +1)
You have extremely tough skin. (AC +3)


Message History

* * * LOW HITPOINT WARNING * * *
You are very lightly contaminated with residual magic.
Something completely misses you. Something barely misses you.
Something hits you.
* * * LOW HITPOINT WARNING * * *
Something hits you!
* * * LOW HITPOINT WARNING * * *
Things that are here:
a scroll of remove curse; 10 gold pieces
h - 4 scrolls of remove curse (gained 1)
You now have 187 gold pieces (gained 10).
Something hits you.
* * * LOW HITPOINT WARNING * * *
You feel better. Something hits you!
* * * LOW HITPOINT WARNING * * *
You feel better. Something hits you but does no damage. Something hits you!
* * * LOW HITPOINT WARNING * * *
Something hits you.
You die...

###............#
#..............#
#..............##
##(.............###
##...............#####
##..................####
#########.............#
##......##...##
#..<@######## #...##
#..## #..# #.. ##


There were no monsters in sight!

Vanquished Creatures
  Erolcha (D:9)
  A two-headed ogre (D:9)
  An unseen horror (D:10)
  2 hippogriffs
  A spriggan (D:7)
  Sigmund (D:6)
  Eustachio (D:6)
  Edmund (D:5)
  2 ice beasts
  A black bear (D:7)
  5 sky beasts
  A phantom (D:8)
  7 ogres
  4 centaurs
  A big kobold (D:7)
  7 bullfrogs
  A scorpion (D:4)
  5 killer bees (D:7)
  8 wights
  5 crimson imps
  2 howler monkeys (D:5)
  3 centaur zombies
  4 hounds
  3 bullfrog zombies (Ossuary)
  A gnoll shaman (D:6)
  A jelly (D:9)
  An orc priest (D:6)
  2 orc wizards
  A centaur skeleton (D:9)
  A quasit (D:9)
  An iron imp (D:5)
  Ijyb (D:5)
  2 iguanas
  8 worker ants
  2 killer bee zombies
  7 hound zombies (Ossuary)
  9 mummies (Ossuary)
  3 worker ant zombies (Ossuary)
  A howler monkey zombie (Ossuary)
  6 gnolls
  8 adders
  4 shadow imps
  An ooze (D:5)
  4 adder zombies
  A worm (D:3)
  4 dart slugs
  5 leopard geckos
  13 orcs
  18 bats
  3 giant cockroaches
  5 hobgoblins
  22 jackals
  10 kobolds
  3 quokkas (D:7)
  3 ball pythons
  6 frilled lizards
  2 giant cockroach zombies (Ossuary)
  7 goblins
  A quokka skeleton (D:4)
  A quokka zombie (Ossuary)
  10 rats
246 creatures vanquished.

Notes
Turn   | Place    | Note
-------+----------+-------------------------------------------
     0 | D:1      | robertstho the Troll Monk began the quest for the Orb.
     0 | D:1      | Reached XP level 1. HP: 22/22 MP: 0/0
   158 | D:1      | Reached XP level 2. HP: 29/29 MP: 1/1
   499 | D:1      | Reached XP level 3. HP: 36/36 MP: 2/2
  1315 | D:2      | Found an ancient bone altar of Kikubaaqudgha.
  1527 | D:2      | Reached XP level 4. HP: 43/44 MP: 3/3
  1658 | D:3      | Reached skill level 4 in Unarmed Combat
  1799 | D:3      | Found a shimmering blue altar of Sif Muna.
  1846 | D:3      | Noticed an ogre
  1855 | D:3      | Killed an ogre
  1855 | D:3      | Reached XP level 5. HP: 37/53 MP: 4/4
  2357 | D:4      | Reached skill level 5 in Unarmed Combat
  2453 | D:4      | Found Ihadyag's Book Shoppe.
  2494 | D:4      | Reached XP level 6. HP: 61/61 MP: 5/5
  3135 | D:5      | Entered Level 5 of the Dungeon
  3139 | D:5      | Found a sand-covered staircase.
  3152 | Ossuary  | Entered an ossuary
  3161 | Ossuary  | Reached skill level 6 in Unarmed Combat
  3186 | Ossuary  | Reached XP level 7. HP: 40/67 MP: 6/6
  3367 | Ossuary  | Reached skill level 7 in Unarmed Combat
  3573 | D:5      | Noticed Edmund
  3588 | D:5      | Killed Edmund
  3588 | D:5      | Reached XP level 8. HP: 70/75 MP: 7/7
  3682 | D:5      | Reached skill level 8 in Unarmed Combat
  3781 | D:5      | Found a snail-covered altar of Cheibriados.
  3863 | D:5      | Found a sparkling altar of Nemelex Xobeh.
  3899 | D:5      | Found a staircase to the Ecumenical Temple.
  3986 | D:5      | Noticed Ijyb
  3993 | D:5      | Killed Ijyb
  4288 | D:6      | Noticed Sigmund
  4296 | D:6      | Reached skill level 9 in Unarmed Combat
  4302 | D:6      | Killed Sigmund
  4382 | D:6      | Noticed Eustachio
  4410 | D:6      | Killed Eustachio
  4410 | D:6      | Reached XP level 9. HP: 82/83 MP: 8/8
  4524 | D:6      | Reached skill level 10 in Unarmed Combat
  4557 | D:6      | Reached skill level 5 in Dodging
  4818 | D:7      | Found Woguved's Antique Weapon Boutique.
  5016 | D:7      | Found Boryluir's Book Shop.
  5248 | D:7      | Found Fikud's Armour Shoppe.
  5254 | D:7      | Reached skill level 11 in Unarmed Combat
  5256 | D:7      | Found an iron altar of Okawaru.
  5356 | D:7      | Found Nenotuew's Antique Weapon Shop.
  5370 | D:7      | Found a transporter.
  5519 | D:7      | Noticed davenfal's ghost (novice MiFi)
  5532 | D:7      | Found a transporter.
  5696 | D:7      | Found Iprui's Assorted Antiques.
  5711 | D:7      | Bought an embroidered scarf for 248 gold pieces
  5796 | D:8      | Found a shimmering altar of Xom.
  5798 | D:8      | Noticed an angel
  5801 | D:8      | Found a glowing silver altar of Zin.
  5942 | D:8      | Reached XP level 10. HP: 92/92 MP: 7/9
  6067 | D:8      | Found a blossoming altar of Fedhas.
  6068 | D:8      | Found a burning altar of Makhleb.
  6739 | D:9      | Found a staircase to the Orcish Mines.
  6844 | D:9      | Reached skill level 12 in Unarmed Combat
  7206 | D:9      | Noticed a two-headed ogre
  7215 | D:9      | Killed a two-headed ogre
  7257 | D:9      | Found a radiant altar of Vehumet.
  7324 | D:9      | Found an opulent altar of Gozag.
  7324 | D:9      | Noticed Erolcha
  7326 | D:9      | Found an iron altar of Okawaru.
  7326 | D:9      | Found a shimmering altar of Xom.
  7328 | D:9      | Found a shimmering altar of Xom.
  7328 | D:9      | Found an iron altar of Okawaru.
  7328 | D:9      | Found a stormy altar of Qazlal.
  7334 | D:9      | Killed Erolcha
  7336 | D:9      | Reached skill level 13 in Unarmed Combat
  7522 | D:10     | Entered Level 10 of the Dungeon
  7666 | D:10     | Killed an unseen horror
  7743 | D:10     | HP: 4/94 [something (11)]
  7745 | D:10     | Slain by an unseen horror

Levels and vault maps discovered:
D:1:      dpeg_arrival_rhombus, layout_basic
D:2:      layout_loops_corners, old_standard_altar, grunt_ministairs_10
D:3:      layout_basic, first_ration, led_sif_book
D:4:      layout_loops_ring, serial_shops, shop, roderic_batcave,
          grunt_tough_drop
D:5:      layout_loops_corners, slow_altar_1, nemelex_xobeh_ov_fountains_minmay,
          minmay_temple_entry_sparse_star,
          nicolae_ossuary_entry_false_entrances, minmay_misc_feat_doors,
          fountainhead, uniq_edmund, uniq_ijyb, uniq_grinder
D:6:      layout_cave_pools, uniq_eustachio, uniq_sigmund
D:7:      layout_basic, okawaru_trees_1, serial_shops, nicolae_shop_waterfront,
          nicolae_shop_window_shopping, shop, shop, shop,
          gammafunk_ghost_stat_death, supply_closet_lemuel, the_bakery,
          minmay_misc_feat_cross, chequers_serial_rivers_small_3
D:8:      layout_loops_corners, grunt_temple_overflow_order_and_chaos_1,
          nicolae_overflow_hidden_temple
D:9:      minmay_skewed_foursquare, layout_basic, fiery_altar_vehumet,
          orc_0_dummy, nrook_loot_triangle, chequers_serial_rivers_room_a,
          doesnt_xom_only_xom, uniq_erolcha
D:10:     layout_layer_cave, fedhas_bush_and_centaur_altar, uniq_maurice

Skill      XL: |  1  2  3  4  5  6  7  8  9 10 |
---------------+-------------------------------+-----
Unarmed Combat | 4 5 6 7 9 11 13 | 13.2
Dodging        | 3 4 6 |  6.7
Fighting       | 3 4 |  4.7
Stealth        | 2 3 |  3.3

Action                   |  1- 3 |  4- 6 |  7- 9 | 10-12 || total
-------------------------+-------+-------+-------+-------++-------
Melee: Unarmed           |   128 |   137 |   365 |   129 ||   759
       Punch             |     2 |     4 |    15 |     9 ||    30
  Use: Scroll            |       |       |    12 |       ||    12
       Potion            |       |       |     7 |     3 ||    10
 Stab: Sleeping          |     6 |     3 |     1 |     2 ||    12
       Distracted        |       |     1 |     1 |       ||     2
  Eat: Chunk             |    19 |    15 |    24 |    17 ||    75
Armor: Robe              |    57 |    44 |   108 |    39 ||   248
Dodge: Dodged            |    64 |    76 |   253 |   124 ||   517

Table legend:
 A = Non-vault XP
 B = Vault XP
 C = Vault XP percentage of total XP
 D = Non-vault monster count
 E = Vault monster count
 F = Vault count percentage of total count
                 A         B        C        D         E       F
            +---------+---------+-------+---------+---------+-------
      Total |    7301 |    3083 |  29.7 |     191 |      55 |  22.4
            +---------+---------+-------+---------+---------+-------
        D:1 |      50 |       0 |   0.0 |      27 |       0 |   0.0
        D:2 |      55 |       1 |   1.8 |      20 |       1 |   4.8
        D:3 |     221 |       0 |   0.0 |      23 |       0 |   0.0
        D:4 |     122 |     167 |  57.8 |       8 |      10 |  55.6
        D:5 |     505 |     232 |  31.5 |      14 |       3 |  17.6
        D:6 |    1005 |     401 |  28.5 |      26 |       2 |   7.1
        D:7 |    1584 |     220 |  12.2 |      38 |       1 |   2.6
        D:8 |    1087 |       0 |   0.0 |      14 |       0 |   0.0
        D:9 |    1911 |    1385 |  42.0 |      19 |       8 |  29.6
       D:10 |     761 |       0 |   0.0 |       2 |       0 |   0.0
    Ossuary |       0 |     677 | 100.0 |       0 |      30 | 100.0
            +---------+---------+-------+---------+---------+-------
